Cogmind - Beta 16 --- EXPLORER MODE // 2026.01.05 @ 09:32:33 Player: K.K.Y. Result: Destroyed by P-60 Hacker with Shock Rifle Performance ------------- Evolutions (4) 2000 Regions Visited (6) 1200 Robots Destroyed (82) 410 Value Destroyed (2719) 2719 Prototype IDs (23) 460 Alien Tech Used (0) 0 Bonus (2000) 2000 TOTAL SCORE: 8789 Bonus ------- Delivered SUBCON Basin 2000 Cogmind --------- Core Integrity 0/850 Matter 174/300 Energy 100/100 System Corruption 4% Temperature Cool (0) Movement Core (1400) Ox27 Location -6/Factory Parts ------- > --- POWER (2) -------- (None) > --- PROPULSION (6) --- (None) > --- UTILITY (6) ------ Huge Storage Unit Advanced Weight Redist. System Gun Armor System Shield > --- WEAPON (2+2) ----- (None) > --- INVENTORY (25) --- Advanced Heat Sink Machine Analyzer Advanced Signal Interpreter IFF Parser Improved Terrain Scanner Advanced Terrain Scanner Improved Terrain Scan Processor Transmission Jammer Improved Medium Armor Plating EM Shield EM Disruption Field Improved Shield Generator Hacking Suite Authchip [R/NC] Authchip [R/Combat] Authchip [Processor] Tech Extrapolator System Restoration Module Power Bank Plasma Cutter Multitool Peak State ------------ > --- POWER ------------ Micro Nuclear Core Light Fission Core > --- PROPULSION ------- Advanced Treads Medium Treads Improved Medium Treads Improved Medium Treads Improved Medium Treads Improved Medium Treads > --- UTILITY ---------- Cryofiber Web Huge Storage Unit Structural Scanner Advanced Sensor Array Transmission Jammer EM Disruption Field > --- WEAPON ----------- Antimatter Cannon Shock Maul > --- INVENTORY -------- High-capacity Storage Unit Machine Analyzer Advanced Signal Interpreter IFF Parser Improved Terrain Scanner Improved Terrain Scan Processor Improved Medium Armor Plating Gun Armor EM Shield Improved Shield Generator Hacking Suite Hacking Suite System Shield Authchip [R/NC] Authchip [R/Combat] Authchip [Processor] Tech Extrapolator System Restoration Module Power Bank Field Laser Proton Cannon Gauss Rifle Magnetic Acceleration Cannon Plasma Cutter Multitool [Rating: 76] Favorites ----------- Power Light Nuclear Core Engine Ion Engine Power Core Light Nuclear Core Propulsion Light Treads Treads Light Treads Utility Weight Redist. System Device Weight Redist. System Storage High-capacity Storage Unit Hackware System Shield Protection Propulsion Shielding Weapon Beam Cannon Energy Gun Riot Gun Energy Cannon Beam Cannon Ballistic Gun Subdweller Machine Gun Ballistic Cannon Battle Cannon Special Weapon Mining Laser Impact Weapon Shock Maul Build | -11 -10 -10 -10 -8 -8 -6 ------- Run | Yrd Mat Min Sub Rec Scr Fac Slots Evolved 9 | . 1 . . . . 8 Power 1 | . . . . . . 1 Propulsion 4 | . . . . . . 4 Utility 4 | . 1 . . . . 3 Weapon . | . . . . . . . Parts Attached 64 | 7 10 . 13 1 7 26 Power 11 | 1 1 . 2 . 1 6 Engine 6 | 1 1 . . . 1 3 Core 5 | . . . 2 . . 3 Reactor . | . . . . . . . Propulsion 15 | 2 2 . 3 1 2 5 Treads 15 | 2 2 . 3 1 2 5 Leg . | . . . . . . . Wheel . | . . . . . . . Hover . | . . . . . . . Flight . | . . . . . . . Utility 18 | 2 4 . 1 . 2 9 Device 11 | . 2 . 1 . 2 6 Storage 2 | . 2 . . . . . Processor . | . . . . . . . Hackware 2 | . . . . . . 2 Protection 3 | 2 . . . . . 1 Artifact . | . . . . . . . Weapon 20 | 2 3 . 7 . 2 6 Energy Gun 8 | 2 1 . 4 . 1 . Energy Cannon 3 | . 2 . . . . 1 Ballistic Gun 1 | . . . 1 . . . Ballistic Cannon 5 | . . . 1 . 1 3 Launcher . | . . . . . . . Special Weapon 1 | . . . 1 . . . Impact Weapon 2 | . . . . . . 2 Slashing Weapon . | . . . . . . . Piercing Weapon . | . . . . . . . Special Melee Weapon . | . . . . . . . Unidentified Prototypes 2 | . . . . . . 2 Parts Lost 27 | . . . 7 . . 20 Power 5 | . . . 1 . . 4 Propulsion 8 | . . . 2 . . 6 Utility 6 | . . . 1 . . 5 Weapon 8 | . . . 3 . . 5 Highest Loss Streak 9 | . . . 3 . . 9 To Critical Strikes . | . . . . . . . Average Backups 17 | 1 8 16 18 16 24 24 Power . | . . 1 1 . . . Propulsion . | . 1 2 1 . . . Utility 10 | . 3 6 9 11 17 19 Weapon 4 | . 2 7 6 3 3 2 Tool/Special . | . . . . . . . Unused Backups 53 | . 2 . 11 9 7 24 Power . | . . . . . . . Propulsion 1 | . . . 1 . . . Utility 31 | . 1 . 5 3 5 17 Weapon 19 | . 1 . 5 6 2 5 Tool/Special 2 | . . . . . . 2 Average Slot Usage (%) 93 | . 81 99 96 100 100 77 Engine 5 | . 11 12 4 . 2 4 Core 6 | . . . 7 12 9 5 Treads 24 | . 23 25 24 25 25 24 Device 22 | . 10 25 23 25 25 22 Storage 10 | . 8 12 12 12 12 5 Protection 1 | . 8 . . . . . Energy Gun 8 | . 9 . 9 12 12 2 Energy Cannon 6 | . 9 24 5 . . . Ballistic Cannon 5 | . . . 4 12 12 6 Peak Build Rating 76 | 7 11 13 36 38 38 76 Average Rating 24 | 4 9 12 18 27 31 58 On Entrance 18 | . 7 11 13 36 24 38 Avg Prop Armor Cover (%) 5 | . . . . . . 5 Naked Turns . | . . . . . . . Heaviest Build 115 | 9 52 52 92 92 102 115 Greatest Support 170 | 40 46 46 46 48 60 170 Greatest Overweight (x) 37 | . 15 1 2 1 1 37 Average Overweight (x) . | . . . 1 1 1 1 Largest Inventory Capacity 25 | 5 25 20 25 25 25 25 Average Capacity 20 | 5 15 20 20 21 24 25 Most Carried 25 | 5 19 18 25 25 25 25 Average Carried 19 | 2 8 16 19 20 24 24 Final Capacity 25 | 5 20 20 25 20 25 25 Final Carried 25 | 2 18 16 25 20 25 21 Class Distribution -------------------- 100% | Hacker-Mutant Dominant Class ---------------- Hacker-Mutant | -10/Materials Hacker-Mutant | -10/Mines Hacker-Mutant | -10/Subcaves Hacker-Mutant | -8/Recycling Hacker-Mutant | -8/Scraptown Hacker-Mutant | -6/Factory Resources | -11 -10 -10 -10 -8 -8 -6 ----------- Run | Yrd Mat Min Sub Rec Scr Fac Matter Collected 1714 | 242 154 64 332 103 67 752 Remotely . | . . . . . . . Salvage Created 2828 | 82 623 91 838 202 . 992 Parts 153 | 4 38 . 63 19 . 29 Haulers Intercepted 3 | . 2 . . . . 1 Recyclers Shooed 2 | . 1 . . . . 1 Parts Field Recycled . | . . . . . . . Retrieved Matter . | . . . . . . . Parts Self-Destructed . | . . . . . . . Prevented . | . . . . . . . Parts Restored . | . . . . . . . Kills | -11 -10 -10 -10 -8 -8 -6 ------- Run | Yrd Mat Min Sub Rec Scr Fac Combat Hostiles Destroyed 64 | . 8 2 26 4 . 24 Melee 3 | . . . . . . 3 Guns 15 | . 8 . 6 1 . . Cannons 43 | . . 2 20 3 . 18 AOE 1 | . . . . . . 1 Classes Destroyed 14 | 2 5 . 4 . . 3 Tunneler 2 | 1 1 . . . . . Hauler 3 | . 2 . . . . 1 Recycler 6 | 1 3 . . . . 2 Mechanic 1 | . 1 . . . . . Operator 1 | . . . . . . 1 Turret 2 | . . . 2 . . . Watcher 3 | . 3 . . . . . Swarmer 16 | . 6 . 7 . . 3 Grunt 22 | . 2 2 4 . . 14 Sentry 7 | . . . 1 4 . 2 Hunter 2 | . . . . . . 2 Programmer 3 | . . . . . . 3 Artisan 1 | . . . 1 . . . Subdweller 14 | . . . 14 . . . Best Kill Streak 6 | 1 4 2 6 1 . 5 Combat Bots Only 5 | . 2 2 4 1 . 5 Max Kills in Single Turn 1 | 1 1 1 1 1 . 1 Gunslinging . | . . . . . . . Exploded 1 | . . . . . . 1 Melee 1 | . . . . . . 1 Uniques/NPCs Destroyed . | . . . . . . . Combat | -11 -10 -10 -10 -8 -8 -6 -------- Run | Yrd Mat Min Sub Rec Scr Fac Hostile Shots Fired 744 | . 27 6 185 4 . 522 Missed 242 | . 9 1 64 . . 168 Hits 502 | . 18 5 121 4 . 354 Projectile 502 | . 18 5 121 4 . 354 AOE 4 | . . . 3 . . 1 Critical Strikes 13 | . . . 2 . . 11 Damage Taken 4616 | . 114 41 1157 37 . 3267 Core 1089 | . 32 13 179 9 . 856 Absorbed by Shields . | . . . . . . . Redirected to Shielding 9 | . 9 . . . . . Ignored by Resistances 2851 | . 75 26 723 22 . 2005 Core Remaining (%) 53 | 100 . . . . 6 . Volleys Fired 265 | 5 43 5 119 8 . 85 Largest 2 | 2 2 2 2 2 . 2 Hottest 160 | 80 120 120 160 83 . 119 Shots Fired 452 | 10 86 10 200 16 . 130 Gun 171 | 10 60 . 78 8 . 15 Cannon 274 | . 26 10 115 8 . 115 Launcher . | . . . . . . . Special 7 | . . . 7 . . . Kinetic 157 | . . . 36 8 . 113 Thermal 233 | 10 86 10 127 . . . Explosive . | . . . . . . . Electromagnetic 62 | . . . 37 8 . 17 Robot Hit Streak 52 | 6 27 10 26 18 . 52 Robot Miss Streak 3 | 2 2 . 3 2 . 3 Penetration Max . | . . . . . . . Secondary Targets 2 | . 2 . . . . . Max Gunslinging Chain 1 | . 1 . . . . . Autonomous 35 | . . . 35 . . . Shots Hit Robots 360 | 7 64 9 146 13 . 121 Core Hits 139 | 3 26 3 54 8 . 45 Critical Kills 1 | . . . . . . 1 Critical Parts Destroyed 2 | . . . . . . 2 Critical Strikes 16 | . . . 4 . . 12 Blast 11 | . . . 3 . . 8 Corrupt 2 | . . . 1 . . 1 Smash 3 | . . . . . . 3 Melee Attacks 11 | . . . . . . 11 Impact 11 | . . . . . . 11 Slashing . | . . . . . . . Piercing . | . . . . . . . Sneak Attacks . | . . . . . . . Combat Hostiles . | . . . . . . . Follow-up Attacks . | . . . . . . . Damage Inflicted 7354 | 80 817 176 2273 257 . 3751 Guns 1546 | 80 500 . 612 123 . 231 Cannons 5141 | . 317 176 1613 134 . 2901 Explosions 115 | . . . . . . 115 Melee 496 | . . . . . . 496 Ramming 8 | . . . . . . 8 Kinetic 3316 | . . . 352 134 . 2830 Thermal 2921 | 80 817 176 1733 . . 115 Explosive . | . . . . . . . Electromagnetic 613 | . . . 188 123 . 302 Impact 496 | . . . . . . 496 Slashing . | . . . . . . . Piercing . | . . . . . . . Highest Corruption 4 | . . . . . . 4 Average Corruption 1 | . . . . . . 1 Corruption Purged . | . . . . . . . Corruption Blocked . | . . . . . . . Effects 8 | . . . . . . 8 Heat Flow Errors 2 | . . . . . . 2 Energy Discharges 2 | . . . . . . 2 Data Loss (minor) 1 | . . . . . . 1 Misfires 2 | . . . . . . 2 Alerts 1 | . . . . . . 1 Overload Shots . | . . . . . . . Overflow Damage 185 | . 6 . . . . 179 Projectiles 53 | . 6 . . . . 47 Explosions . | . . . . . . . Melee 132 | . . . . . . 132 Knockbacks 31 | . . . 4 . . 27 Impact 2 | . . . . . . 2 Kinetic 29 | . . . 4 . . 25 Secondary . | . . . . . . . Self-Inflicted Damage 92 | . . . . . . 92 Shots 2 | . . . . . . 2 Rammed 8 | . . . . . . 8 Targets Rammed 8 | . . . . . . 8 Kicked . | . . . . . . . Crushed . | . . . . . . . Highest Temperature 296 | 72 183 126 200 14 . 296 Average Temperature 69 | 33 38 66 72 10 . 127 Received Heat Transfer 2229 | . 66 36 453 18 . 1656 Siege Activations . | . . . . . . . Martial Activations . | . . . . . . . Shielding Activations . | . . . . . . . Robots Disrupted . | . . . . . . . Combat Hostiles . | . . . . . . . Robots Corrupted 2 | . . . . . . 2 Combat Hostiles 2 | . . . . . . 2 Parts Fried 2 | . . . . . . 2 Impact Corruptions 7 | . . . . . . 7 Robots Melted . | . . . . . . . Combat Hostiles . | . . . . . . . Parts Melted 7 | . 2 . 5 . . . Heat Transferred 6775 | 175 1791 370 4339 . . 100 Parts Sabotaged . | . . . . . . . Parts Stolen . | . . . . . . . Parts Stripped . | . . . . . . . Power Chain Reactions . | . . . . . . . Alert | -11 -10 -10 -10 -8 -8 -6 ------- Run | Yrd Mat Min Sub Rec Scr Fac Maximum Alert Level . | . . . . . . . Low Security (%) 100 | 100 100 100 . 100 . 100 Level 1 . | . . . . . . . Level 2 . | . . . . . . . Level 3 . | . . . . . . . Level 4 . | . . . . . . . Level 5 . | . . . . . . . High Security . | . . . . . . . Max Security . | . . . . . . . Peak Influence 128 | 5 113 50 . 21 . 128 Initial . | . . . . . . . Average 6 | 2 8 1 . . . 16 Influence Increases 1591 | 10 290 50 400 96 . 745 Destroy 0b10 Robot/C 1040 | . 160 40 280 80 . 480 Destroy 0b10 Robot/NC 80 | 10 50 . . . . 20 Destroy Leader 222 | . 50 10 30 . . 132 Successful Hack 71 | . 30 . . 15 . 26 Disable Machine 16 | . . . . . . 16 Destroy Structure 42 | . . . . 1 . 41 Lose Combat Pursuer 120 | . . . 90 . . 30 Influence Decreases 1591 | 10 290 50 400 96 . 745 Time Decay 1481 | 10 290 50 390 96 . 645 Lost Part 110 | . . . 10 . . 100 Squads Dispatched 10 | . . . . . . 10 Investigation 3 | . . . . . . 3 Extermination 4 | . . . . . . 4 Reinforcement 3 | . . . . . . 3 Assault . | . . . . . . . Garrison . | . . . . . . . Intercept . | . . . . . . . Searches Triggered . | . . . . . . . Construction Impeded . | . . . . . . . Haulers Reinforced 1 | . . . . . . 1 Active Scanning Responses . | . . . . . . . Cargo Convoy Interrupts . | . . . . . . . Stealth | -11 -10 -10 -10 -8 -8 -6 --------- Run | Yrd Mat Min Sub Rec Scr Fac Distress Signals 2 | . 1 . . . . 1 Communications Jammed 2 | . . . . . . 2 Distress Signals 2 | . . . . . . 2 Times Spotted 88 | . 17 2 30 3 . 36 Peak Tracking Total 5 | . 3 2 3 1 . 5 Tactical Retreats 4 | . . . 2 . . 2 Traps | -11 -10 -10 -10 -8 -8 -6 ------- Run | Yrd Mat Min Sub Rec Scr Fac Traps Triggered 3 | . 3 . . . . . Indirectly . | . . . . . . . Trap Hack Attempts . | . . . . . . . Triggered . | . . . . . . . Disarmed . | . . . . . . . Reprogrammed . | . . . . . . . Reused . | . . . . . . . Traps Extracted . | . . . . . . . Installed . | . . . . . . . Triggered . | . . . . . . . Machines | -11 -10 -10 -10 -8 -8 -6 ---------- Run | Yrd Mat Min Sub Rec Scr Fac Machines Disabled 5 | . . . 1 . . 4 Max in Single Turn 3 | . . . 1 . . 3 Machines Repaired . | . . . . . . . Machines Dismantled . | . . . . . . . Machines Sabotaged . | . . . . . . . Overloaded Fab Kills . | . . . . . . . Hacking | -11 -10 -10 -10 -8 -8 -6 --------- Run | Yrd Mat Min Sub Rec Scr Fac Machines Accessed 30 | . 7 1 4 13 . 5 Terminals 16 | . 6 1 . 6 . 3 Fabricators 1 | . . . . . . 1 Repair Stations . | . . . . . . . Recycling Units 8 | . 1 . . 7 . . Scanalyzers 1 | . . . . . . 1 Garrison Access . | . . . . . . . Total Hacks 85 | . 21 3 8 30 . 23 Successful 60 | . 14 1 8 23 . 14 Failed 25 | . 7 2 . 7 . 9 Catastrophic 2 | . . . . 1 . 1 Database Lockouts . | . . . . . . . Manual 43 | . 17 3 . 17 . 6 Terminals 46 | . 19 3 . 13 . 11 Fabricators 4 | . . . . . . 4 Repair Stations . | . . . . . . . Recycling Units 19 | . 2 . . 17 . . Scanalyzers 8 | . . . . . . 8 Garrison Access . | . . . . . . . Terminal Hacks 18 | . 6 . 8 3 . 1 Record 5 | . . . 5 . . . Part Schematic 3 | . . . . 2 . 1 Robot Analysis 2 | . 2 . . . . . Prototype ID Bank 5 | . 4 . . 1 . . Open Door 1 | . . . 1 . . . Proto ID Catalog 1 | . . . 1 . . . Release Object 1 | . . . 1 . . . Fabricator Hacks 2 | . . . . . . 2 Load Schematic 1 | . . . . . . 1 Build 1 | . . . . . . 1 Repair Station Hacks . | . . . . . . . Recycling Unit Hacks 9 | . 1 . . 8 . . Retrieve Components 9 | . 1 . . 8 . . Scanalyzer 8 | . . . . . . 8 Insert Component 4 | . . . . . . 4 Analyze 4 | . . . . . . 4 Garrison Access Hacks . | . . . . . . . Unauthorized Hacks 23 | . 7 1 . 12 . 3 Terminals 15 | . 6 1 . 5 . 3 Assimilate 2 | . . . . . . 2 Botnet 13 | . 6 1 . 5 . 1 Fabricators . | . . . . . . . Repair Stations . | . . . . . . . Recycling Units 8 | . 1 . . 7 . . Reject 8 | . 1 . . 7 . . Scanalyzers . | . . . . . . . Garrison Access . | . . . . . . . Data Cores Recovered . | . . . . . . . Used . | . . . . . . . Hacking Detections 19 | . 5 1 . 9 . 4 Full Trace Events 6 | . . . . 3 . 3 Feedback Events . | . . . . . . . Feedback Blocked . | . . . . . . . Robot Schematics Acquired . | . . . . . . . Robots Built . | . . . . . . . Authchips . | . . . . . . . Time . | . . . . . . . Total Robot Build Rating . | . . . . . . . Part Schematics Acquired 7 | . . . . 2 . 5 Parts Built 2 | . . . . . . 2 Authchips . | . . . . . . . Time 47 | . . . . . . 47 Total Part Build Rating 10 | . . . . . . 10 Part Studies Acquired . | . . . . . . . Parts Repaired . | . . . . . . . Time . | . . . . . . . Parts Recycled . | . . . . . . . Recycled Matter . | . . . . . . . Retrieved Matter . | . . . . . . . Retrieved Components 32 | . 10 . . 22 . . Parts Scanalyzed 4 | . . . . . . 4 Part Schematics Acquired 4 | . . . . . . 4 Parts Damaged 1 | . . . . . . 1 Bothacking | -11 -10 -10 -10 -8 -8 -6 ------------ Run | Yrd Mat Min Sub Rec Scr Fac Used RIF Installer . | . . . . . . . Robots Hacked . | . . . . . . . Non-combat . | . . . . . . . Combat . | . . . . . . . Robot Hacks Applied . | . . . . . . . Relay Couplers Released . | . . . . . . . Fabnet Peak Effective % . | . . . . . . . Robots Rewired . | . . . . . . . Allies Hacked . | . . . . . . . Hacks Repelled . | . . . . . . . Allies | -11 -10 -10 -10 -8 -8 -6 -------- Run | Yrd Mat Min Sub Rec Scr Fac Total Allies 3 | . . 3 . . . . Largest Group 3 | . . 3 3 . . . Highest-Rated Group 40 | . . 40 40 . . . Highest-Rated Ally 16 | . . 16 16 . . . Total Orders . | . . . . . . . Ally Attacks . | . . . . . . . Total Damage . | . . . . . . . Kills . | . . . . . . . Allies Corrupted 1 | . . . 1 . . . Allies Melted . | . . . . . . . Intel | -11 -10 -10 -10 -8 -8 -6 ------- Run | Yrd Mat Min Sub Rec Scr Fac Active Infowar (turns) 1695 | . . . . . . 1695 Sensors 1125 | . . . . . . 1125 Structural 1695 | . . . . . . 1695 Jamming 889 | . . . . . . 889 Robot Analysis Total 2 | . 2 . . . . . Derelict Logs Recovered 2 | . . 1 1 . . . Drone Launches . | . . . . . . . Drone Recoveries . | . . . . . . . Exploration | -11 -10 -10 -10 -8 -8 -6 ------------- Run | Yrd Mat Min Sub Rec Scr Fac Turns Passed 15277 | 81 1891 1789 5667 2485 1266 2098 Spaces Moved 5608 | 55 773 712 2036 955 520 557 Core 50 | 33 12 . . . . 5 Treads 5558 | 22 761 712 2036 955 520 552 Legs . | . . . . . . . Wheels . | . . . . . . . Hover . | . . . . . . . Flight . | . . . . . . . Fastest Speed 50 | 50 160 160 240 242 232 157 Average Speed 236 | 94 209 238 246 242 238 238 Slowest Speed 1900 | 160 800 240 360 250 242 1900 Overloaded Moves . | . . . . . . . Propulsion Burnouts . | . . . . . . . Robots Hopped . | . . . . . . . Potential Cave-ins . | . . . . . . . Cave-ins Triggered . | . . . . . . . Exploration Rate (%) 65 | 4 98 99 96 99 47 14 Regions Visited 6 Branch Regions 4 Pre-discovered Areas 3 | . . 1 2 . . . Known Exits Taken 6 | 1 1 1 1 1 1 . Unknown Exits Taken . | . . . . . . . Scrap Searched 17 | . . 1 10 . 6 . Spaces Dug . | . . . . . . . Terrain Destroyed 43 | . . . 2 1 . 40 Melee . | . . . . . . . Projectile 16 | . . . 2 1 . 13 AOE 27 | . . . . . . 27 Terrain Rammed . | . . . . . . . Walls Destroyed . | . . . . . . . Machines Disabled . | . . . . . . . Actions | -11 -10 -10 -10 -8 -8 -6 --------- Run | Yrd Mat Min Sub Rec Scr Fac Total 7123 | 73 965 795 2519 1116 553 1102 Wait 982 | . 90 77 312 122 . 381 Move 5602 | 54 772 711 2035 954 519 557 Hop . | . . . . . . . Pick Up 94 | 7 28 . 16 19 14 10 Fast Attach 22 | 2 4 . 2 . . 14 Attach 31 | 5 9 2 5 . . 10 Detach 7 | . 5 . . . . 2 Swap 31 | . 4 . 10 2 9 6 Drop 70 | . 10 . 20 11 11 18 Fire 265 | 5 43 5 119 8 . 85 Melee 11 | . . . . . . 11 Ram 7 | . . . . . . 7 Kick . | . . . . . . . Crush 1 | . . . . . . 1 Escape Stasis . | . . . . . . . Rewire . | . . . . . . . Trap . | . . . . . . . Miscellaneous . | . . . . . . . Route ------- -11/Scrapyard -10/Materials (discovered 4 exits: *Mat x3 / *Min) -10/Mines (discovered 3 exits: *Mat x2 / *Sub) -10/Subcaves (discovered 2 exits: *Mat / *Rec) -8/Recycling (discovered 2 exits: *Fac / *Scr) -8/Scraptown -6/Factory (discovered 1 exit: *Low) History --------- Turn | Location | Event 19 | -11/Scrapyard | Identified exit to Materials 19 | -11/Scrapyard | Discovered exit to Materials (range 16) 82 | -11/Scrapyard | Entered Materials 82 | -10/Materials | Evolved 1 slot: Utility x1 302 | -10/Materials | Build established: Hacker-Mutant 319 | -10/Materials | Identified exit to Materials 319 | -10/Materials | Discovered exit to Materials (range 11) 526 | -10/Materials | Discovered exit to Materials (range 16) 1267 | -10/Materials | Discovered exit to Materials (range 4) 1943 | -10/Materials | Identified exit to Mines 1943 | -10/Materials | Discovered exit to Mines (range 9) 1973 | -10/Materials | Entered Mines 2181 | -10/Mines | Assisted by bots powering up and referring to "LRC-V3" 2295 | -10/Mines | YI-UF0 nonchalantly dropped a Grenade Launcher on the ground 2422 | -10/Mines | Discovered exit to Materials (range 9) 2502 | -10/Mines | Learned location of Recycling (-8) 2523 | -10/Mines | Discovered exit to Materials (range 5) 3715 | -10/Mines | Identified exit to Subcaves 3715 | -10/Mines | Discovered exit to Subcaves (range 12) 3762 | -10/Mines | Entered Subcaves 3762 | -10/Subcaves | Accompanied by 3 allies 3763 | -10/Subcaves | Approached by a straggling Scientist 3772 | -10/Subcaves | Learned location of Mines (-9) 3775 | -10/Subcaves | A swath of the cavern ceiling suddenly collapsed 3806 | -10/Subcaves | Lost 3 allies 4144 | -10/Subcaves | Disturbed a concealed Subdweller 4146 | -10/Subcaves | Disturbed a concealed Subdweller 4305 | -10/Subcaves | Core integrity fell below 50% 4508 | -10/Subcaves | Identified exit to Recycling 4508 | -10/Subcaves | Discovered exit to Recycling (range 10) 4627 | -10/Subcaves | Learned location of Zion (-6) 4627 | -10/Subcaves | Met a Zionite searching for "candidates" 5207 | -10/Subcaves | Ambushed by angry Subdweller bent on revenge 5292 | -10/Subcaves | Identified exit to Materials 5292 | -10/Subcaves | Discovered exit to Materials (range 9) 5774 | -10/Subcaves | Core integrity fell below 20% 5802 | -10/Subcaves | Lost 3 parts (1p1n1w) 6005 | -10/Subcaves | Shifting Twisted Machinery released Shrapnel Trap 6028 | -10/Subcaves | Shifting Twisted Machinery released Sub. Power Source 6207 | -10/Subcaves | Visited 4L-MR0's lab 6241 | -10/Subcaves | Found Power Bank 6620 | -10/Subcaves | Shifting Twisted Machinery released Mak. Thermal Plating 6627 | -10/Subcaves | Shifting Twisted Machinery released Mak. Light Armor Plating 7570 | -10/Subcaves | Shifting Twisted Machinery released Spk. Treads 7589 | -10/Subcaves | Shifting Twisted Machinery released Sub. Laser 8402 | -10/Subcaves | A Subdweller sparked back to life 8402 | -10/Subcaves | A Subdweller sparked back to life 8453 | -10/Subcaves | Ambushed by Subdweller buried in earth 8579 | -10/Subcaves | Found Gun Armor 8966 | -10/Subcaves | Found SUBCON Basin 9152 | -10/Subcaves | Visited Clippyterm 9159 | -10/Subcaves | Learned Factory fabricator intel 9159 | -10/Subcaves | Learned Factory trap positions 9429 | -10/Subcaves | Entered Recycling 10022 | -8/Recycling | Scanned before Scraplab entrance 10056 | -8/Recycling | Entered Scraplab 10509 | -8/Recycling | Identified exit to Factory 10509 | -8/Recycling | Discovered exit to Factory (range 8) 11909 | -8/Recycling | Identified exit to Scraptown 11909 | -8/Recycling | Discovered exit to Scraptown (range 2) 11914 | -8/Recycling | Entered Scraptown 12197 | -8/Scraptown | Heard Great Nut preacher, LISTEN AND RECITE! 12204 | -8/Scraptown | Visited Assassins FH 12240 | -8/Scraptown | Visited Symbiants 12282 | -8/Scraptown | Visited Bundlers 12450 | -8/Scraptown | Visited Spacefarers 12482 | -8/Scraptown | Visited Junk Repository 12627 | -8/Scraptown | Visited CPS Storage 12651 | -8/Scraptown | Visited SPCMW 13079 | -8/Scraptown | Discovered exit to Factory (range 13) 13180 | -8/Scraptown | Entered Factory 13180 | -6/Factory | Evolved 8 slots: Power x1, Propulsion x4, Utility x3 13181 | -6/Factory | Loaded intel: 90 trap records 13182 | -6/Factory | Loaded intel: 6 fabricator locations 13427 | -6/Factory | Fabricated Proton Cannon? 14287 | -6/Factory | Identified exit to Lower Caves 14287 | -6/Factory | Discovered exit to Lower Caves (range 13) 14436 | -6/Factory | Lost 6 parts (2p1n2u1w) 15148 | -6/Factory | Attached Gun Armor, gained temporary slots: Weapon x2 15150 | -6/Factory | Core integrity fell below 50% 15197 | -6/Factory | Lost 9 parts (2p1n3u3w) 15237 | -6/Factory | Core integrity fell below 20% 15278 | -6/Factory | Destroyed by P-60 Hacker with Shock Rifle Last Messages --------------- 15148_ Core temporarily expanded with Weapon slot. 15151_ K-01 Serf collects debris. 15161_ Adv. Heat Sink destroyed. 15164_ K-01 Serf collects debris. 15164_ Slammed into K-01 Serf. 15166_ Cryofiber Web destroyed. 15179_ Slammed into G-50 Soldier. 15209_ System corrupted: Heat flow error (+167). 15221_ Slammed into G-50 Soldier. 15231_ P-60 Hacker resets G-50 Soldier, system corruption cleaned. 15235_ Slammed into G-50 Soldier. 15239_ Chain reaction triggered in Lgt. Angular Momentum Engine. 15239_ G-50 Soldier destroyed. 15261_ R-10 Processor collects Carbon-fiber Leg. 15264_ U-05 Engineer lays Concrete. 15277_ Slammed into P-60 Hacker. 15278_ U-05 Engineer lays Concrete. Map ----- +----------------------------------------------------+ | ????????????????????^?????? ??????????????????? | | ??????????????????????????? ??????????????????? | | ??????????????????????????? ??????????????????? | | ??????????????????????????? ??????????????????? | | ???????????????????????????" ???????????? ?????? | | ???????????????????????????" ???????????? ?????? | | ??????????????????????????"" ??????????? ?????? | | ??????????????????????????"" #########???? ?????? | | ??????????????## ????????? ###########?? ?????? | | ??????????????## ????"""""" # ! ##?? ?????? | | ??????????????## ??"""""" # """ #### # ???? | | ??????????????## ?"""""" # """"" #### # ???? | | ??????????????## ^^ """"""" # """"" #### ##???? | | ??????????????## # #### ##???? | | ???????????##### """"""" # """ #### ##???? | | ???????????##### """"""" # """"" #### ##???? | | ??????????? %""""""" + """"" #### ##???? | | ???????????????## """"""" # #### ##???? | | ???????????????## % ############# ##???? | | ???????????????## ##???? | | ???????????????##+#####+##+################ ##???? | | ??????????????? # ########### ##???? | | ????????????????????? # ##?????#### ###### | | ????????????????????? # ##?????####+###### | | ????????????????? # p ! ##?????## # | | ?????????????????########@########?????## """ # | | ?????????????????## ###?????## """ # | | ?????????????????##! u u ##??????## """ # | | ?????????????????## % % ##??????## # | | ?????????????????##% ##??????## """ # | | ?????????????????##% """" ##??????## """ # | | ?????????????????## %"""" %""" ##??????## """ # | | ?????????????????## """ """"w##????#### # | | ?????????????????## """" """" ##????#########+### | | ?????????????????## """" """" + + | | ?????????????????## """"u"""" ##????######### ### | | ?????????????????## ???????######### ### | | ?????????????????## ???????????????## ### | | ?????????????????????####/###???????????????## ### | | ??????????????????????? R #???????????????## ### | | ???????????????????????? ????????????????? # ### | | ???????????????????????? ????????????????? # ### | | ???????????????????????? ????????????????? # ### | | ???????????????????????? ????????????????? # | | ???????????????????????? ????????????????? + | | ???????????????????????? ????????????????? # | | ???????????????????????? ????????????????? ## T# | | ???????????????????????????????????????????? ##### | | ??????????????????????????????????????????????#### | | ????????????????????????????????????????????????## | +----------------------------------------------------+ Best States ------------- Heat Dissipation 56 Energy Generation 31 Energy Capacity 350 Matter Stores 300 Matter Capacity 300 Sight Range 16 Robot Scan Range 16 Terrain Scan Density 10 Jamming Range 12 Additional Mass Support 9 Base Temperature (-) 100 Armor Coverage 60 Resistance: KI 35 Resistance: TH 35 Resistance: EX 35 Resistance: EM 35 Resistance: I 35 Resistance: S 35 Resistance: P 35 Propulsion Shielding 33 Weapon Shielding 33 Evasion (%) 50 Recoil Reduction 6 Offensive Hacking 30 Defensive Hacking 10 Authchip Count 3 Item Schematics ----------------- Proton Cannon | -8/Recycling | Hacked Com. Battery | -8/Recycling | Hacked Arm. Medium Treads | -6/Factory | Hacked System Restoration Module | -6/Factory | Scanalyzed Adv. Signal Interpreter | -6/Factory | Scanalyzed Hacking Suite | -6/Factory | Scanalyzed Plasma Cutter | -6/Factory | Scanalyzed Robot Schematics ------------------ None Fabricated ------------ Proton Cannon | x2 | -6/Factory Repaired ---------- Nothing Studied --------- None Alien Tech Used ----------------- None Achievements -------------- None Challenges ------------ None Game ------ Seed HardcellSalvagingRigger Manual? 0 Play Time 00:52:08 Cumulative 244.2 hours Start 2026.01.05 @ 08:40:58 End 2026.01.05 @ 09:32:33 Sessions 1 Manual Loads 0 Difficulty Explorer Special Mode None Game No. 386 Rogue 0 Adventurer 0 Explorer 386 Win Type - Total 0 Types 0/0/0/0/0/0/0/0/0/0 Lore% 71 Gallery% 69 Achievement% 54 Wizard Run 0 Options --------- Layout 1 ASCII 0 Keyboard 0 Movement Mouse Keybinds 0 Fullscreen 1 Font 24/Smallcaps Map View 50x35 Zoom Use 0% Tactical HUD 1 Map Filters NONE Filters NONE Steam 1 RUN: cef54301-737c-40c5-8719-fccc60047d34